[Event "FIDE WSTC Open 50 2025"]
[Site "Prague"]
[Date "2025.02.23"]
[Round "6.27"]
[White "Konopka, Michal"]
[Black "Kirkebo, Carl Peter"]
[Result "1-0"]
[Annotator "RC"]
[ECO "E04"]
[WhiteElo "2326"]
[BlackElo "2148"]
[PlyCount "79"]
[EventDate "2025.02.17"]
[EventType "team-tourn"]
[EventCountry "CZE"]
[SourceTitle "playchess.com"]
[Source "ChessBase"]
[SourceQuality "1"]
[TimeControl "40/5400+30:1800+30"]

1. Nf3 d5 2. d4 Nf6 3. c4 e6 4. g3 dxc4 5. Bg2 c5 6. O-O Nc6 7. dxc5 Qxd1 8. Rxd1 Bxc5 9. Nbd2 c3 10. bxc3 O-O 11. Nb3 Be7 12. Bb2 Bd7 13. Nfd4 Nxd4 14. cxd4 Rac8 15. Bxb7 Rc2 16. Bc1 Rxe2 17. Bd2 Ne4 18. Bxe4 Rxe4 19. f3 Re2 20. Nc1 Bb5 21. Rb1 Ba6 22. Nxe2 Bxe2 23. Rdc1 Bxf3 24. Bb4 Bf6 25. Kf2 Be4 26. Bxf8 Bxd4+ 27. Ke2 Kxf8 28. Rc8+ Ke7 29. Rb4 e5 30. Rc7+ Ke6 31. Rxd4 exd4 32. Rxa7 g5 33. a4 h5 34. a5 f5 35. Rg7 Kf6 36. Rd7 Ke5 37. a6 f4 38. Re7+ Kf5 39. Rxe4 Kxe4 40. a7 1-0

[Event "FIDE WSTC Open 50 2025"]
[Site "Prague"]
[Date "2025.02.23"]
[Round "6.28"]
[White "Berg, Anders Hoyer"]
[Black "Trickov, Vasil"]
[Result "0-1"]
[Annotator "RC"]
[ECO "B50"]
[WhiteElo "2073"]
[BlackElo "2301"]
[PlyCount "120"]
[EventDate "2025.02.17"]
[EventType "team-tourn"]
[EventCountry "CZE"]
[SourceTitle "playchess.com"]
[Source "ChessBase"]
[SourceQuality "1"]
[TimeControl "40/5400+30:1800+30"]

1. e4 c5 2. Nf3 d6 3. d4 Nf6 4. Nc3 cxd4 5. Qxd4 a6 6. e5 Nc6 7. Qa4 Ng4 8. exd6 Qb6 9. Nd1 exd6 10. Be2 Be7 11. O-O O-O 12. c3 Bf6 13. h3 Nge5 14. Ne3 Be6 15. Rd1 Ne7 16. Nd4 Bd7 17. Qb3 Qc7 18. Nd5 Nxd5 19. Qxd5 Ba4 20. Nb3 Rfd8 21. Be3 Rac8 22. Rd2 Qe7 23. Qa5 Bd7 24. Rad1 Nc6 25. Qh5 Be6 26. Bd3 g6 27. Qe2 Ne5 28. Bb1 Nc4 29. Rc2 Bf5 30. Rcc1 Bxb1 31. Rxb1 Bg5 32. Rd3 Re8 33. Re1 Bxe3 34. fxe3 Qc7 35. Nd4 Qb6 36. Rb1 Rc7 37. e4 Rce7 38. Re1 Qxb2 39. Qxb2 Nxb2 40. Rde3 Na4 41. Kf2 Rc8 42. Ne2 Rc4 43. Rd1 Nc5 44. Rxd6 Rcxe4 45. Rd8+ Kg7 46. Rxe4 Nxe4+ 47. Kf3 h5 48. Rc8 Nd6 49. Rc5 Ne4 50. Rc8 Ng5+ 51. Kf2 Ne6 52. Kf3 Kf6 53. c4 Ke5 54. Ke3 h4 55. Rh8 g5 56. Rc8 Rd7 57. Nc3 Rc7 58. Rxc7 Nxc7 59. Ne4 Ne6 60. g3 f5 0-1

[Event "FIDE WSTC Open 50 2025"]
[Site "Prague"]
[Date "2025.02.23"]
[Round "6.29"]
[White "Bischoff, Klaus"]
[Black "Plotkin, Victor"]
[Result "1/2-1/2"]
[Annotator "TA"]
[ECO "D31"]
[WhiteElo "2432"]
[BlackElo "2259"]
[PlyCount "45"]
[EventDate "2025.02.17"]
[EventType "team-tourn"]
[EventCountry "CZE"]
[SourceTitle "playchess.com"]
[Source "ChessBase"]
[SourceQuality "1"]
[TimeControl "40/5400+30:1800+30"]

1. d4 d5 2. c4 e6 3. Nc3 Be7 4. Nf3 Nf6 5. Bg5 b6 6. e3 O-O 7. Qb3 Bb7 8. Bxf6 Bxf6 9. cxd5 exd5 10. Rd1 {[%emt 0:00:24] E12: Queen's Indian: Unusual White 4th moves, 4 a3, 4 Nc3 Bb7 5 a3 and 4 Nc3 Bb7 .} c6 11. Bd3 Re8 12. O-O Nd7 13. Rfe1 Nf8 14. e4 g6 $146 ({Predecessor:} 14... Ne6 15. Bb1 dxe4 16. Nxe4 g6 17. Ne5 Bg7 18. f4 Qc7 19. a3 Rad8 20. Ba2 c5 {1-0 Khalil,A-Sharbel,M (1987) Beirut op 7th 2014 (6)}) 15. exd5 {[%emt 0:10:44] [#] aiming for Rxe8.} Rxe1+ 16. Nxe1 cxd5 17. Be2 Ne6 18. Nc2 Qd6 19. g3 Rc8 20. Nb5 Qe7 21. Nc3 Qd6 22. Nb5 Qe7 23. Nc3 {[%emt 0:00:32] An uneventful encounter.   Weighted Error Value: White=0.05 (flawless) /Black=0.07 (flawless)   OK:         	White=5     	Black=5} (23. Nxa7 Rxc2 24. Qxc2 Nxd4 (24... Bxd4 $2 {too greedy.} 25. Bg4 $18) 25. Rxd4 Bxd4 $19) 1/2-1/2

[Event "FIDE WSTC Open 50 2025"]
[Site "Prague"]
[Date "2025.02.23"]
[Round "6.30"]
[White "Cummings, David H."]
[Black "Seul, Georg"]
[Result "1/2-1/2"]
[Annotator "TA"]
[ECO "A21"]
[WhiteElo "2255"]
[BlackElo "2329"]
[PlyCount "116"]
[EventDate "2025.02.17"]
[EventType "team-tourn"]
[EventCountry "CZE"]
[SourceTitle "playchess.com"]
[Source "ChessBase"]
[SourceQuality "1"]
[TimeControl "40/5400+30:1800+30"]

1. c4 e5 2. Nc3 Bb4 3. Nd5 a5 4. Nf3 d6 5. a3 Bc5 6. e3 {[%emt 0:00:16] A21: English Opening: 1...e5 2 Nc3.} Nd7 7. d4 Ba7 8. Qc2 {[%emt 0:01:50] White has an edge.} c6 9. Nc3 Ngf6 10. Bd2 O-O 11. O-O-O Re8 12. h3 d5 13. cxd5 cxd5 14. g4 e4 15. Nh2 Nb6 16. g5 Nfd7 17. f4 $146 ({Predecessor:} 17. Rg1 Nf8 18. h4 Bd7 19. Kb1 Rc8 20. Qb3 a4 21. Qb4 Be6 22. Nxa4 Qc7 23. Bb5 Nxa4 24. Qxa4 {0-1 Donchenko,A (2633)-Bjerre,J (2653) Biel GM2 Blitz 57th 2024 (4)}) 17... exf3 18. Nxf3 Nf8 $1 19. Bd3 Be6 20. h4 Rc8 21. Kb1 {[%emt 0:14:14] White is more active.} (21. h5 $14) 21... Nc4 $11 22. g6 fxg6 (22... Nxd2+ 23. Qxd2 hxg6 24. Rdg1 $11) 23. Ng5 {[%emt 0:01:11] [#]} b5 24. Nxe6 Rxe6 25. Bxc4 Rxc4 (25... bxc4 $6 26. h5 $11) 26. Qb3 b4 27. axb4 axb4 28. Na2 Qd7 29. Rc1 Rec6 30. Nxb4 Qb7 (30... Rc8 $11 {remains equal.}) 31. Qa2 (31. Rxc4 {simplifies} Rxc4 32. Rc1 Rxc1+ 33. Kxc1 Ne6 34. Qxd5 Qxd5 35. Nxd5 Kf7 36. Kd1) 31... Rc7 (31... Rxb4 $2 32. Bxb4 Rf6 33. Rhf1 $18) 32. Qa5 Rd7 33. Rxc4 dxc4 34. d5 {[%emt 0:00:12][%csl Od5] White has a strong passed pawn} c3 35. bxc3 Ne6 (35... Rf7 $14) 36. Rf1 Nc5 37. Qa2 h6 {[%emt 0:00:47] [#]} 38. Qc4 {[%emt 0:01:20] Prevents Ne4.} ({White should try} 38. Kc2 $1 $16) 38... Kh7 (38... Re7 $11) 39. e4 (39. Kc2 {seems wilder.} Rd8 40. Nc6 Re8 41. Rf4) 39... Rf7 $2 ({Better is} 39... Re7 $14) 40. Rxf7 $18 Qxf7 {[%emt 0:00:05] [#]} 41. Nc6 $2 (41. Be3 $1 $18 Nb3 42. Bxh6) 41... Qf3 $1 $11 {[%emt 0:02:25] White must now prevent ...Qd1+.} 42. Nxa7 Qd1+ $1 43. Kb2 Qxd2+ 44. Ka3 Nxe4 45. Qxe4 Qxc3+ {[%emt 0:00:05][%mdl 4096] Endgame. The position is equal.} 46. Ka4 (46. Ka2 $5 Qa5+ $8 47. Kb3 Qb6+ 48. Kc3 Qxa7 49. h5 Qa3+ 50. Kd4 Qb4+ 51. Ke5 Qe7+ 52. Kd4 Qxe4+ 53. Kxe4 $11) 46... Qa1+ 47. Kb5 Qxa7 {[%emt 0:00:06] KQ-KQ. Black is a pawn up.} 48. d6 Qb8+ 49. Kc5 Qa7+ 50. Kd5 Qa8+ 51. Ke5 Qe8+ 52. Kd4 Qd7 53. Qe7 Qa4+ 54. Ke5 Qb5+ 55. Kd4 {[%emt 0:00:37] Threatens to win with Qc7.} Qb4+ 56. Ke3 Qc3+ 57. Kf2 Qd2+ 58. Kf3 Qd3+ {[%emt 0:00:13] Weighted Error Value: White=0.14 (very precise) /Black=0.14 (very precise)   Loses game:     	---       	Black=1      Missed win:     	White=1     	---        Mistake:       	White=2     	Black=3      Inaccurate:     	White=3     	Black=4      OK:         	White=29    	Black=20     Best:        	White=4     	Black=5      Strong:       	---       	Black=3} 1/2-1/2

[Event "FIDE WSTC Open 50 2025"]
[Site "Prague"]
[Date "2025.02.23"]
[Round "6.31"]
[White "Schulz, Klaus-Juergen"]
[Black "Barron, Michael"]
[Result "1-0"]
[Annotator "TA"]
[ECO "A80"]
[WhiteElo "2345"]
[BlackElo "2049"]
[PlyCount "71"]
[EventDate "2025.02.17"]
[EventType "team-tourn"]
[EventCountry "CZE"]
[SourceTitle "playchess.com"]
[Source "ChessBase"]
[SourceQuality "1"]
[TimeControl "40/5400+30:1800+30"]

1. d4 f5 2. Bf4 Nf6 3. e3 e6 4. Nf3 b6 5. c4 Bb4+ 6. Nc3 {[%emt 0:05:03] A80: Dutch Defence: Unusual White second moves.} Bxc3+ 7. bxc3 Bb7 8. Nd2 {[%emt 0:34:37] The position is equal.} O-O 9. f3 (9. Bg3 $11) 9... d6 (9... Nh5 $15 {should be considered.}) 10. Bg5 $146 (10. Bd3 Qe7 11. Bg5 h6 12. Bh4 g6 13. O-O e5 14. e4 g5 15. Bf2 f4 16. g3 {½-½ Cramling Bellon,A (1970)-Svorono,G (2094) Rilton Cup 46th 2016 (6)}) 10... Nbd7 11. Bd3 h6 12. Bh4 Qe7 13. Qe2 Rae8 14. O-O-O Qf7 15. Bf2 Qh5 16. h3 Re7 (16... Qf7 $11) 17. g4 $14 fxg4 (17... Qe8 $14) 18. hxg4 $16 Qa5 19. Kb2 Nh7 20. Rh5 (20. Bh4 $16 Ree8 21. Bg6) 20... c5 ({Black should play} 20... e5 $14) 21. Bg3 $1 $36 {[%emt 0:02:45][%mdl 2048] Black is under strong pressure.} e5 22. d5 (22. dxe5 $1 $16 Nxe5 23. Bc2) 22... Ndf6 (22... b5 $1 $11 {keeps the balance.}) 23. Rhh1 $16 Ng5 24. Bc2 $2 {[%emt 0:01:44] Repels b5} ({Better is} 24. Bh4 $16 e4 25. Nxe4 Ngxe4 26. fxe4 (26. Bxe4 Nxe4 27. Bxe7 Qxc3+ 28. Kb1 Rxf3 $11)) 24... Kf7 $2 {[%emt 0:01:15][%mdl 8192] This costs Black the game.} (24... b5 $1 $15 {stays ahead.}) 25. Bh4 (25. Qd3 $18 {Hoping for Qg6+.} e4 26. fxe4 Nfxe4 27. Bh4) 25... Ke8 26. Qh2 b5 27. f4 $1 b4 {[%emt 0:04:16] [#]} 28. cxb4 (28. fxg5 $6 hxg5 29. cxb4 (29. Bxg5 bxc3+ 30. Kb1 cxd2 $14) (29. Bg6+ Kd8 $11) 29... Qxb4+ 30. Bb3 gxh4 $16) 28... Qxb4+ {[%emt 0:00:32] [#]} 29. Bb3 $1 exf4 30. exf4 Nxg4 $2 (30... Nxd5 {might work better.} 31. cxd5 (31. fxg5 Qc3+ 32. Kb1 Qd3+ 33. Bc2 Nc3+ 34. Kc1 Nxa2+ 35. Kb2 Qc3+ 36. Kb1 Qa3 $15) 31... Rxf4 32. Bxg5 hxg5) 31. Qg3 $18 Bc8 {[%emt 0:00:21] White must now prevent ...Re3.} (31... Re2 32. Rhe1 (32. Qxg4 Rxd2+ 33. Kb1 Bxd5 $18) 32... Rxe1 33. Rxe1+ (33. Qxe1+ Kf7 $18) 33... Kf7 34. Re2) 32. a3 (32. fxg5 Re3 $14) 32... Qa5 33. fxg5 Re3 $2 (33... Rf2 34. Qc3 Qxc3+ 35. Kxc3 Rfe2) 34. Rhe1 {[%emt 0:00:23] White is clearly winning.} Qc3+ 35. Ka2 Rff3 36. Qxf3 {[%emt 0:00:34] Weighted Error Value: White=0.27 (precise) /Black=0.83  Loses game:     	---       	Black=1      Mistake:       	White=5     	Black=7      Inaccurate:     	---       	Black=3      OK:         	White=8     	Black=7      Best:        	White=2     	Black=2      Strong:       	White=3     	---} (36. Nxf3 {is a self mate.} Qxb3+ 37. Ka1 Qxa3+ (37... Qxc4 $2 {loses.} 38. Rxe3+ Nxe3 39. Qe1 $18) 38. Kb1 Bf5+) 1-0

[Event "FIDE WSTC Open 50 2025"]
[Site "Prague"]
[Date "2025.02.23"]
[Round "6.32"]
[White "Findlay, Ian T."]
[Black "Wolf, Volker"]
[Result "0-1"]
[Annotator "RC"]
[ECO "C05"]
[WhiteElo "2089"]
[BlackElo "2206"]
[PlyCount "94"]
[EventDate "2025.02.17"]
[EventType "team-tourn"]
[EventCountry "CZE"]
[SourceTitle "playchess.com"]
[Source "ChessBase"]
[SourceQuality "1"]
[TimeControl "40/5400+30:1800+30"]

1. e4 e6 2. d4 d5 3. Nd2 Nf6 4. e5 Nfd7 5. Bd3 c5 6. c3 b5 7. Ne2 b4 8. O-O bxc3 9. bxc3 Be7 10. Nf4 Ba6 11. Qg4 g6 12. Bxa6 Nxa6 13. Nf3 cxd4 14. cxd4 Nb4 15. h4 h5 16. Qg3 Nb6 17. Bd2 Nc6 18. Nd3 Nc4 19. Bg5 Bxg5 20. hxg5 Rb8 21. Qf4 Rb6 22. Nc5 Qe7 23. g3 Kd8 24. Kg2 Kc7 25. Rh1 Rf8 26. g4 hxg4 27. Qxg4 Kb8 28. Rh7 Ka8 29. Qf4 Rb5 30. a4 Rb2 31. Rah1 Nd8 32. Rh8 Rxh8 33. Rxh8 Kb8 34. Qf6 Qxf6 35. gxf6 Kc7 36. Ng5 Ne3+ 37. Kg1 Nf5 38. Rh7 Nxd4 39. Nxf7 Nxf7 40. Rxf7+ Kc6 41. Re7 Nf3+ 42. Kg2 Nxe5 43. Nd3 Nxd3 44. Rxe6+ Kc5 45. Re3 Rxf2+ 46. Kg3 Rxf6 47. Rxd3 d4 0-1

[Event "FIDE WSTC Open 50 2025"]
[Site "Prague"]
[Date "2025.02.23"]
[Round "6.33"]
[White "Denk, Adolf"]
[Black "Csiszar, Csaba"]
[Result "0-1"]
[Annotator "TA"]
[ECO "A46"]
[WhiteElo "2106"]
[BlackElo "2378"]
[PlyCount "109"]
[EventDate "2025.02.17"]
[EventType "team-tourn"]
[EventCountry "CZE"]
[SourceTitle "playchess.com"]
[Source "ChessBase"]
[SourceQuality "1"]
[TimeControl "40/5400+30:1800+30"]

1. d4 Nf6 2. Nf3 d6 3. e3 g6 4. Bd3 Bg7 5. Nbd2 O-O 6. O-O Nc6 7. c3 {[%emt 0:02:16] A48: 1 d4 Nf6 2 Nf3 g6: Torre, London and Colle Systems.} a6 8. Re1 e5 9. b3 $146 (9. Bc2 Ne8 10. dxe5 dxe5 11. Nb3 a5 12. Qxd8 Nxd8 13. Ng5 f5 14. Nc5 Rb8 15. Bb3+ Kh8 {1-0 Stoican,A-Ursuianu,F ROM-ch sf U16 Girls 2002}) 9... Re8 10. e4 (10. Qc2 $11) 10... exd4 11. cxd4 Nh5 $1 12. Bb2 Nf4 13. Bb1 (13. Bf1 $11) 13... Bg4 $36 {[%emt 0:08:08][%cal Oc6d4][%mdl 2048] Hoping for ...Nxd4!. White is under strong pressure.} 14. Qc1 Nb4 15. Qc4 {[%emt 0:13:34] [#]} (15. Re3 $17 {was necessary.}) 15... c5 $1 $19 16. a3 (16. Qf1 Nc6) 16... b5 17. Qf1 Nc6 18. a4 Rb8 {[%emt 0:02:31] Black has more active pieces.} 19. axb5 axb5 20. Bd3 (20. Kh1 $17) 20... Bd7 $1 (20... cxd4 21. Bxb5 d3 22. Bxc6 $17) (20... Bxd4 21. Bxd4 Nxd4 22. Nxd4 $14) 21. e5 dxe5 22. dxe5 {[%emt 0:00:56] [#]} Bh3 $1 23. Bxb5 Bxg2 24. Qc4 Bxf3 25. Nxf3 Qc8 (25... Rxb5 $1 $19 26. Qxb5 Qc8) 26. e6 (26. Qxf4 $15 Rxb5 27. Ng5) 26... Nh3+ $2 {[%emt 0:00:29][%mdl 8192] Excellent horsemanship.} (26... Bxb2 $2 27. exf7+ Kg7 28. fxe8=N+ $18 (28. fxe8=R $2 Qg4+ 29. Kh1 Qg2#)) (26... Rxe6 $17 {stays on course.} 27. Qxf4 Rxe1+ (27... Rxb5 28. Rxe6 Bxb2 29. Ng5 $17) 28. Rxe1 Rxb5 29. Bxg7 Kxg7) 27. Kf1 $16 (27. Kg2 $6 Rxe6 28. Bxg7 (28. Qxc5 $2 Bxb2 29. Ra4 Bd4 $19) 28... Rxb5 $14) 27... fxe6 (27... Rxe6 $16 28. Bxg7 Kxg7 29. Rxe6 Qxe6 (29... fxe6 $2 30. Qxc5 Nd8 31. Qe5+ Kg8 32. Bc4 $18) 30. Qxe6 (30. Qxc5 $2 Qf6 $19) 30... fxe6 31. Bxc6 Rxb3 32. Ra7+ Kg8) 28. Bxg7 $1 $18 (28. Qxc5 Bxb2 (28... Rxb5 $2 29. Qxb5 Bxb2 30. Ra2 $19) 29. Bxc6 Bxa1 (29... Rxb3 30. Ra8 $11) 30. Rxa1 Rxb3 $17) 28... Kxg7 29. Qxc5 Rxb5 30. Qxb5 Rf8 31. Re3 Rf5 32. Qc4 Qb7 33. Rc1 (33. Qxe6 Nd4 34. Qd6 (34. Nxd4 $2 Rxf2+ 35. Ke1 Qh1#) (34. Qe7+ Qxe7 35. Rxe7+ Kf6 $16) 34... Qb5+ 35. Kg2 Nf4+ 36. Kg1 (36. Kh1 Nxf3 37. Rxf3 Qb7 $11) 36... Nh3+ 37. Kg2 Nf4+ 38. Kg1 Nfe2+ 39. Kg2 Nf4+ $11) 33... Ne7 34. Qxe6 (34. Qc7 $1 $18 Qa6+ 35. Ke1) 34... Nd5 $11 {[%emt 0:00:07] Really sharp!} 35. Rd3 Qb5 $2 (35... Nhf4 $11 {and Black is okay.} 36. Qe4 Nxd3 37. Qxd3 Nf4 38. Qc3+ Rf6) 36. Rc4 $18 Nhf4 37. Qe4 ({Only move:} 37. Nd4 $1 $18 Nxe6 38. Nxb5) 37... Nxd3 $14 38. Qxd3 Qa5 39. Qd4+ (39. Ra4 Qc5 40. Qd4+ Qxd4 41. Nxd4 Rh5 42. Nf3) 39... Nf6 $1 40. Kg2 (40. Qd2 {simplifies} Qxd2 41. Nxd2 Nd5 42. Ra4) 40... Qa8 41. Rc7+ Kh6 42. Qe3+ Kh5 43. Rc5 Nd5 {[%emt 0:01:29] [#]} 44. Qe4 (44. Qd2 $1 $16) 44... Kh6 $1 {[%emt 0:03:11] ( -> ...Nf4+)} (44... Nf4+ $2 45. Qxf4 Qd8 46. b4 $18 (46. Rxf5+ gxf5 47. Qxf5+ Kh6 $18)) 45. Rc4 Qb8 46. b4 Nf4+ (46... Qb7 $11) 47. Kf1 ({White should try} 47. Kg1 $14) 47... Qd6 (47... Qb5 $11 {is more appropriate.}) 48. Qe3 (48. Nd4 $14 Rf7 49. b5) 48... Qa6 (48... Qd1+ $6 49. Ne1 Qg4 50. Re4 $16) 49. Qc3 {[%emt 0:01:32] [#]} (49. Qc1 $11 {keeps the balance.}) 49... Qa2 ({Better is} 49... Rd5 $1 $17 50. Qc1 Rd1+ 51. Qxd1 Qxc4+ 52. Ke1 Qxb4+ 53. Nd2 Qe7+ 54. Kf1 Qd6) 50. Nd2 $11 {[%emt 0:00:39] The position is equal.} Qa8 51. f3 Qd8 52. Qe3 Qh4 53. Ne4 {[%emt 0:01:25] Hoping for Ng3.} Qxh2 54. Nf2 {[%emt 0:00:26] Ng4+ would kill now. Inhibits Qh1+.} Kh5 55. Ng4 {[%emt 0:01:07][%mdl 32768] Weighted Error Value: White=0.37/Black=0.41 Loss on time!?  Loses game:     	---       	Black=1      Missed win:     	White=2     	---        Mistake:       	White=9     	Black=6      Inaccurate:     	White=3     	Black=4      OK:         	White=16    	Black=14     Best:        	White=4     	Black=2      Strong:       	White=1     	Black=3      Brilliant:      	---       	Black=2} 0-1

[Event "FIDE WSTC Open 50 2025"]
[Site "Prague"]
[Date "2025.02.23"]
[Round "6.34"]
[White "Czebe, Attila"]
[Black "Druckenthaner, Andreas"]
[Result "1-0"]
[Annotator "RC"]
[ECO "D11"]
[WhiteElo "2255"]
[BlackElo "2214"]
[PlyCount "73"]
[EventDate "2025.02.17"]
[EventType "team-tourn"]
[EventCountry "CZE"]
[SourceTitle "playchess.com"]
[Source "ChessBase"]
[SourceQuality "1"]
[TimeControl "40/5400+30:1800+30"]

1. d4 d5 2. c4 c6 3. Nf3 Nf6 4. e3 Bg4 5. Nbd2 e6 6. Bd3 Nbd7 7. O-O Be7 8. Qc2 dxc4 9. Nxc4 Bxf3 10. gxf3 O-O 11. e4 c5 12. e5 Nd5 13. Bxh7+ Kh8 14. Be4 cxd4 15. Qd1 Bc5 16. f4 Qh4 17. Qf3 Rad8 18. Qg3 Qxg3+ 19. hxg3 N7b6 20. Nxb6 Bxb6 21. Bd2 Rd7 22. Kg2 f5 23. exf6 Nxf6 24. Bd3 Rc8 25. Rae1 Re7 26. Re5 Nd7 27. Re2 Kg8 28. b3 Nc5 29. Bc4 Kf8 30. Rh1 Rc6 31. f5 Kf7 32. b4 Ne4 33. Bxe6+ Rcxe6 34. fxe6+ Rxe6 35. Rhe1 Nxd2 36. Rxe6 Nc4 37. Rxb6 1-0

[Event "FIDE WSTC Open 50 2025"]
[Site "Prague"]
[Date "2025.02.23"]
[Round "6.35"]
[White "Kranzl, Peter"]
[Black "Horvath, Peter"]
[Result "1/2-1/2"]
[Annotator "TA"]
[ECO "B22"]
[WhiteElo "2151"]
[BlackElo "2354"]
[PlyCount "96"]
[EventDate "2025.02.17"]
[EventType "team-tourn"]
[EventCountry "CZE"]
[SourceTitle "playchess.com"]
[Source "ChessBase"]
[SourceQuality "1"]
[TimeControl "40/5400+30:1800+30"]

1. e4 c5 2. c3 d5 3. exd5 Qxd5 4. Nf3 Nf6 5. d4 e6 6. Na3 Nc6 7. Be3 cxd4 {[%emt 0:00:19] [#] B22: Sicilian: 2 c3.} 8. Nb5 $1 Qd7 {[%emt 0:00:07] Inhibits Nc7+.} 9. Nbxd4 Be7 $1 {[%emt 0:00:36][%mdl 4] is currently scoring better than 9...Nd5.} 10. Be2 O-O 11. O-O Nd5 12. Nxc6 Qxc6 $146 ({Predecessor:} 12... bxc6 13. Bd4 f6 14. c4 Nf4 15. Bc3 Nxe2+ 16. Qxe2 e5 17. Rfd1 Qg4 18. h3 Qh5 {1-0 Renjith,S (2254)-Kotyk,M (2137) Titled Tuesday intern op 12th Dec Early blitz 2023 (7)}) 13. Bd2 Qc7 14. Qc1 Bd6 15. g3 e5 16. c4 Nf6 17. Re1 Bg4 (17... b6 $15) 18. Nh4 (18. Qc2 Bc5 19. b4 e4 20. Ng5) 18... Be6 19. Bf1 Bc5 20. Ng2 Rfd8 {[%emt 0:04:30][%cal Oc5f2] and ...Bxf2+! should not be overlooked} 21. Bg5 {[%emt 0:03:52] [#]} Ng4 $1 22. Ne3 f6 23. Nxg4 $1 Bxg4 24. Bd2 {[%emt 0:01:19] [#]} (24. Be3 $15) 24... Bf3 (24... Qd7 $1 $17 25. b4 Bxf2+ 26. Kxf2 Qxd2+ 27. Qxd2 Rxd2+ 28. Kg1 Bf3) 25. b4 Bd4 26. Bc3 e4 (26... b6 $15) 27. Bxd4 {[%emt 0:03:14] Successful Defense White} Rxd4 28. Qe3 {[%emt 0:02:11] Prevents f5.} Rad8 29. a3 {[%emt 0:00:43] White is weak on the light squares} h5 30. h4 Qe5 31. Rac1 a5 32. Rb1 a4 33. Rbc1 Rc8 ({Better is} 33... g5 $11 34. hxg5 Qxg5 (34... fxg5 $2 35. Qxf3 h4 36. Re3 $18)) 34. Rc3 (34. c5 $14) 34... Kh7 (34... Rcd8 $11) 35. Rcc1 (35. c5 $14) 35... Rc7 36. Rc3 Re7 (36... Rc8 $11) 37. c5 $14 {[%emt 0:02:21] White has a queen side majority} Rc7 (37... Red7 $14) 38. Rcc1 (38. Bb5 $16) 38... Rd8 (38... g5 $11) 39. Bb5 ({White should play} 39. b5 $14) 39... Qf5 $11 40. Bf1 {[%emt 0:00:07][%cal Bb5f1,Bf1h3,Bh3g2][%mdl 32] Repels Qh3} (40. Bxa4 $2 Qh3 $19) 40... Rd5 41. Rc3 Re5 42. Kh2 g5 (42... Rd5 {is interesting.} 43. Bc4 Re5 44. Qf4 g5) 43. Bh3 Bg4 44. Bg2 Rce7 {[%emt 0:00:49] [#]} 45. Rc4 (45. hxg5 $1 $16 fxg5 46. Rec1) 45... Bf3 $1 ({But not} 45... gxh4 $2 46. Bxe4 (46. Rxe4 Kg7 $16) 46... hxg3+ 47. Kxg3 $18 (47. Kg2 Bh3+ 48. Kxg3 Rxe4 $14)) 46. Bh3 Bg4 47. Bg2 Bf3 (47... gxh4 48. Bxe4 (48. Rxe4 hxg3+ 49. fxg3 Kg8 $16) 48... hxg3+ 49. Kxg3 $18 (49. Kg2 Bh3+ 50. Kxg3 Rxe4 $14)) 48. Bh3 Bg4 $1 {[%emt 0:00:29] Weighted Error Value: White=0.20 (precise) /Black=0.25 (precise)   Mistake:       	White=6     	Black=8      Inaccurate:     	White=3     	Black=4      OK:         	White=10    	Black=12     Strong:       	White=2     	Black=2} 1/2-1/2

[Event "FIDE WSTC Open 50 2025"]
[Site "Prague"]
[Date "2025.02.23"]
[Round "6.36"]
[White "Krizsany, Laszlo"]
[Black "Hager, Herbert"]
[Result "0-1"]
[Annotator "RC"]
[ECO "D60"]
[WhiteElo "2303"]
[BlackElo "2023"]
[PlyCount "130"]
[EventDate "2025.02.17"]
[EventType "team-tourn"]
[EventCountry "CZE"]
[SourceTitle "playchess.com"]
[Source "ChessBase"]
[SourceQuality "1"]
[TimeControl "40/5400+30:1800+30"]

1. d4 Nf6 2. c4 e6 3. Nf3 d5 4. Nc3 Be7 5. Bg5 O-O 6. e3 Nbd7 7. cxd5 Nxd5 8. Bxe7 Qxe7 9. Qb3 Nxc3 10. Qxc3 c5 11. Rc1 b6 12. Bb5 Bb7 13. Bxd7 Qxd7 14. dxc5 bxc5 15. b3 Ba6 16. Ne5 Qd5 17. f3 Rfd8 18. Kf2 f6 19. Nc4 Bxc4 20. Qxc4 Qxc4 21. Rxc4 Rd2+ 22. Kg3 Rxa2 23. Rd1 Ra5 24. Rd7 Rb8 25. h4 h5 26. Re4 Ra6 27. Rc7 Rxb3 28. Rxc5 f5 29. Rd4 Rab6 30. e4 R3b5 31. Rc8+ Kh7 32. Re8 e5 33. Rdd8 fxe4 34. fxe4 a5 35. Kh3 Ra6 36. Ra8 Rb3+ 37. g3 Rbb6 38. Rxa6 Rxa6 39. Rxe5 g6 40. Re7+ Kh6 41. g4 hxg4+ 42. Kxg4 a4 43. Rd7 a3 44. Rd1 Ra4 45. Kf4 a2 46. Ra1 Kh5 47. Ke5 Kxh4 48. Kd5 Kg5 49. e5 Kf5 50. Rf1+ Rf4 51. Re1 Rf2 52. e6 Rd2+ 53. Kc4 Re2 54. Rxe2 a1=Q 55. Kd3 Qa3+ 56. Kd2 Qe7 57. Ke1 g5 58. Kf2 Kf4 59. Kg2 g4 60. Rf2+ Kg5 61. Re2 Kh4 62. Re3 Qc5 63. Re2 Qd5+ 64. Kf1 Qd1+ 65. Re1 Qf3+ 0-1